 Dungeon Crawl Stone Soup version 0.19.5 (webtiles) character file.

36 greprep the Sneak (level 3, -26/17 HPs)
             Began as a Spriggan Enchanter on May 8, 2017.
             Killed from afar by a goblin (39 damage)
             ... with an exploding inner flame
             ... led by Robin
             ... hexed by the player character
             ... on level 2 of the Dungeon.
             The game lasted 00:02:50 (959 turns).

greprep the Sneak (Spriggan Enchanter)               Turns: 959, Time: 00:02:51

Health: -26/17     AC:  4    Str:  4    XL:     3   Next: 19%
Magic:  1/8        EV: 19    Int: 16    God:
Gold:   81         SH:  0    Dex: 17    Spells: 2 memorised, 5 levels left

rFire  . . .     SeeInvis +     a - +1 dagger
rCold  . . .     Gourm    .     b - +2 robe
rNeg   . . .     Faith    .     (shield restricted)
rPois  .         Spirit   .     (helmet restricted)
rElec  .         Reflect  .     (no cloak)
rCorr  .         Harm     .     (gloves unavailable)
MR     .....                    (boots unavailable)
Stlth  +++.......               (no amulet)
                                (no ring)
                                (no ring)

@: very slightly contaminated, very quick
A: unfitting armour, see invisible, herbivore 3, speed 3, slow metabolism 2
a: no special abilities


You were on level 2 of the Dungeon.
You were not hungry.

You visited 1 branch of the dungeon, and saw 2 of its levels.

You collected 81 gold pieces.

Inventory:

Hand Weapons
 a - a +1 dagger (weapon)
Armour
 b - a +2 robe (worn)
Potions
 e - a potion of mutation {unknown}
 g - a potion of might {unknown}
 i - a potion of curing
Books
 c - a book of Maledictions

   Spells                             Type                      Level
   a - Corona                         Hexes                        1
   b - Ensorcelled Hibernation        Hexes/Ice                    2
   c - Confuse                        Hexes                        3
   d - Tukima's Dance                 Hexes                        3
   e - Dazzling Spray                 Conjuration/Hexes            3
Comestibles
 d - a bread ration


   Skills:
 * Level 0.5 Fighting
 * Level 1.4 Short Blades
 * Level 0.3 Armour
 + Level 3.4 Dodging
 * Level 4.9 Stealth
 + Level 3.0 Spellcasting
 + Level 3.9 Hexes


You had 5 spell levels left.
You knew the following spells:

 Your Spells              Type           Power        Failure   Level  Hunger
a - Corona                Hex            ###....      4%          1    #......
b - Ensorcelled Hibernat  Hex/Ice        #.....       14%         2    ##.....


Dungeon Overview and Level Annotations

Branches:
Dungeon (2/15)

Altars:

Annotations:
D:2 Robin


Innate Abilities, Weirdness & Mutations

You are very small and have problems with some larger weapons.
You are too small for most types of armour.
You have supernaturally acute eyesight. (SInv)
You are a herbivore.
You cover ground extremely quickly.
You need consume almost no food.


Message History

It was a scroll of immolation.
The goblin hits you but does no damage. The kobold completely misses you.
The goblin completely misses you.
As you read the scroll labeled OFUBBEUDAT, it crumbles to dust.
You feel blessed for a moment.
It was a scroll of remove curse.
The hobgoblin closely misses you. The kobold hits you.
The goblin hits you with a club.
* * * LOW HITPOINT WARNING * * *
The goblin barely misses you.
Unknown command.
It was a potion of curing.
You feel better.
The hobgoblin hits you but does no damage.
The kobold barely misses you.
Robin says, "Feeling lonely?"
The goblin closely misses you. The goblin barely misses you.
Okay, then.
You hit the goblin.
The goblin explodes!
The fiery explosion engulfs you!
Ouch! That really hurt!
You die...

.#........###.#
####......#.#
#.....##.#
#......#.#
##..#.##.#
#.....[.#
##>#§#### #§#
#@#
#..gKgggg....
#...gggg.....
###..g....###
........#
##########


You could see Robin (inner flame), 2 hobgoblins, 7 goblins and a kobold (inner
flame).

Vanquished Creatures
  An adder (D:2)
  A worm (D:2)
  A giant cockroach (D:2)
  3 goblins (D:1)
  5 hobgoblins
  3 kobolds (D:1)
  8 bats
  A rat (D:1)
23 creatures vanquished.

Notes
Turn   | Place    | Note
-------+----------+-------------------------------------------
     0 | D:1      | greprep the Spriggan Enchanter began the quest for the Orb.
     0 | D:1      | Reached XP level 1. HP: 9/9 MP: 5/5
   273 | D:1      | Reached XP level 2. HP: 13/13 MP: 6/6
   278 | D:1      | Learned a level 2 spell: Ensorcelled Hibernation
   878 | D:2      | Reached XP level 3. HP: 17/17 MP: 5/8
   949 | D:2      | Noticed Robin
   959 | D:2      | Killed from afar by a goblin

Skill      XL: |  1  2 |
---------------+-------+-----
Spellcasting   | 3 |  3.0
Fighting       | |  0.5
Short Blades   | |  1.4
Armour         | |  0.3
Dodging        | |  3.4
Stealth        | |  4.9
Hexes          | |  3.9

Action                   || total
-------------------------++-------
Melee: Dagger            ||    81
 Cast: Corona            ||     3
       Ensorcelled Hiber ||    10
  Use: Scroll            ||     3
       Potion            ||     1
 Stab: Sleeping          ||    10
Armor: Robe              ||    12
Dodge: Dodged            ||   106
